 Dungeon Crawl Stone Soup version 0.23.2-40-g277498a001 (webtiles) character file.

Game seed: 14008302510572318634

54 Ivernyr the Firebug (level 3, -2/26 HPs)
             Began as a Demigod Fire Elementalist on Oct 11, 2019.
             Slain by an adder (3 damage)
             ... on level 2 of the Dungeon.
             The game lasted 00:07:26 (1507 turns).

Ivernyr the Firebug (Demigod Fire Elementalist)     Turns: 1507, Time: 00:07:28

Health: -2/26      AC:  2    Str: 11    XL:     3   Next: 44%
Magic:  1/8        EV: 13    Int: 21    God:
Gold:   74         SH:  0    Dex: 16    Spells: 2/6 levels left

rFire    . . .     SeeInvis .   b - +0 spear
rCold    . . .     Gourm    .   (no shield)
rNeg     . . .     Faith    .   a - +0 robe
rPois    .         Spirit   .   (no helmet)
rElec    .         Reflect  .   (no cloak)
rCorr    .         Harm     .   (no gloves)
MR       .....                  (no boots)
Stlth    ++........             (no amulet)
HPRegen  0.08/turn              (no ring)
MPRegen  0.11/turn              (no ring)

@: lethally poisoned (-2 -> -8), very slightly contaminated
A: high mp 1
a: no special abilities


You were on level 2 of the Dungeon.
You were not hungry.

You visited 1 branch of the dungeon, and saw 2 of its levels.

You collected 74 gold pieces.

Inventory:

Hand Weapons
 b - a +0 spear (weapon)
Armour
 a - a +0 robe (worn)
Jewellery
 d - an uncursed amulet of rage {unknown}
 i - a cursed ring of attention {unknown}
Scrolls
 e - a scroll of fog {unknown}
 h - a scroll of teleportation {unknown}
 l - a scroll of amnesia {unknown}
Potions
 f - 2 potions of lignification {unknown}
 g - a potion of mutation {unknown}
 j - a potion of degeneration {unknown}
 k - a potion of brilliance {unknown}
Comestibles
 c - 8 rations


   Skills:
 + Level 2.3 Dodging
 - Level 1.7 Stealth
 + Level 2.2 Spellcasting
 + Level 1.6 Conjurations
 * Level 3.3 Fire Magic


You had 2 spell levels left.
You knew the following spells:

 Your Spells              Type           Power        Failure   Level  Hunger
a - Flame Tongue          Conj/Fire      ##...        5%          1    #......
b - Conjure Flame         Conj/Fire      ##......     16%         3    ###....

Your spell library contained the following spells:

 Spells                   Type           Power        Failure   Level  Hunger
 Throw Flame              Conj/Fire      ##....       8%          2    ##.....
 Inner Flame              Hex/Fire       #.......     22%         3    ###....
 Sticky Flame             Conj/Fire      ##......     45%         4    #####..
 Fireball                 Conj/Fire      ##........   82%         5    ######.


Dungeon Overview and Level Annotations

Branches:
Dungeon (2/15)


Innate Abilities, Weirdness & Mutations

You have an increased reservoir of magic. (+10% MP)


Message History

The adder is moderately wounded.
The adder bites you but does no damage.
You hit the adder but do no damage.
The adder is moderately wounded.
The adder bites you.
* * * LOW HITPOINT WARNING * * *
You hit the adder.
The adder is heavily wounded.
The adder misses you. The adder bites you.
* * * LOW HITPOINT WARNING * * *
You miss the adder.
The adder is heavily wounded.
The adder closely misses you.
You miss the adder.
The adder is heavily wounded.
The adder bites you.
* * * LOW HITPOINT WARNING * * *
You are lethally poisoned!
The adder poisons you! The adder bites you.
You die...

##########################
()(...................)..##
########################..#####
#.......#......#
#.#####.#......# #@# #.#......#
#S# #.#.[....# # #'# #.#......#
# †.$ #.###..### # ....# #.#
##.## # .....# #.# #..# ##
.?...#####.#####.#### 8#
......#<##....#(.....) ##
S......#.##....#.....>.


You could see an adder.

Vanquished Creatures
  Robin (D:2)
  A worm (D:2)
  2 dart slugs (D:1)
  A leopard gecko (D:2)
  4 bats
  2 giant cockroaches (D:1)
  7 goblins (D:2)
  6 hobgoblins
  A ball python (D:1)
  5 frilled lizards
  2 kobolds (D:2)
  3 rats
35 creatures vanquished.

Notes
Turn   | Place    | Note
-------+----------+-------------------------------------------
     0 | D:1      | Ivernyr the Demigod Fire Elementalist began the quest for
                  | the Orb.
     0 | D:1      | Reached XP level 1. HP: 14/14 MP: 5/5
   110 | D:1      | Reached skill level 1 in Conjurations
   283 | D:1      | Reached XP level 2. HP: 16/20 MP: 7/7
   411 | D:1      | Reached skill level 3 in Fire Magic
   854 | D:2      | Noticed Robin
   889 | D:2      | HP: 1/20 [Robin/+0 dagger (5)]
   904 | D:2      | Killed Robin
   904 | D:2      | Reached XP level 3. HP: 3/26 MP: 0/8
  1221 | D:2      | Learned a level 3 spell: Conjure Flame
  1346 | D:2      | Found an iron altar of Okawaru.
  1346 | D:2      | Found a bloodstained altar of Trog.
  1507 | D:2      | HP: 1/26 [adder (3)]
  1507 | D:2      | Slain by an adder

Skill      XL: |  1  2 |
---------------+-------+-----
Conjurations   | 1 |  1.6
Dodging        | 2 |  2.3
Fire Magic     | 3 |  3.3
Spellcasting   | 2 |  2.2
Stealth        | |  1.7

Action                   || total
-------------------------++-------
Melee: Spear             ||    36
 Cast: Flame Tongue      ||    44
 Stab: Sleeping          ||     2
  Eat: Chunk             ||     2
Armor: Robe              ||     9
Dodge: Dodged            ||    33
